 BcadrenCrawl: Boulder Brew version 0.05.4-28-gf56dcff (webtiles) character file.

Game seed: 5967311989540053389, levelgen mode: deterministic

91 Dorkslayer the Skirmisher (level 4, -1/40 HPs) Hill Orc Fighter. Began on Jan 12, 2022. Slain by a slime creature (14 damage) ... on level 1 of the Dungeon. The game lasted 00:03:22 (645 turns).

Dorkslayer the Skirmisher (Hill Orc Fighter)         Turns: 645, Time: 00:03:23

Health: -1/40      AC:  8    Str: 24    XL:     4 ^: 35
Magic:  4/4        EV:  8    Int:  8    God:
Gold:   76         SH:  8    Dex: 15    Spells: 3/3 levels left

rFire    x . .     Vision   .   a - +1 war axe
rCold    . . .     Gourm    .   c - +0 heater shield
rNeg     . . .     Faith    .   b - +0 scale mail
rCorr    . . .     Spirit   .   (no helmet)
rPois    .         Reflect  .   i - +0 cloak
rElec    .         Harm     .   (no gloves)
MR       .....                  (no boots)
Stlth    ..........             (no amulet)
HPRegen  0.23/turn              h - ring of strength (curse) {(Curse: *Contam)}
MPRegen  0.14/turn              e - ring of dexterity (curse) {(Curse: rF-)}

@: no status effects
A: no striking features
a: no special abilities


You were on level 1 of the Dungeon.
You were not hungry.

You visited 1 branch of the dungeon, and saw 2 of its levels.

You collected 76 gold pieces.

Inventory:

Weapons
 a - a +1 war axe (weapon) Shields
 c - a +0 heater shield (shield)
Armour
 b - a +0 scale mail (worn)
 i - a +0 cloak (worn)
Jewellery
 e - a cursed ring of dexterity (right hand) {(Curse: rF-)}
 h - a cursed ring of strength (left hand) {(Curse: *Contam)}
Scrolls
 g - 2 scrolls of teleportation
Potions
 d - a potion of might
Comestibles
 f - 3 rations


   Skills:
 + Level 4.2 Fighting
 + Level 4.1 Axes & Hammers
 + Level 4.2 Armour
 + Level 3.7 Shields


You had 3 spell levels left.
You didn't know any spells.
Your spell library was empty.

Dungeon Overview and Level Annotations

Branches:
Dungeon (2/8)

Altars:
Trog


Message History

The slime creature jiggles.
You block the slime creature's attack.
You hit the slime creature (4).
The slime creature is moderately wounded. (39/57) HP The slime creature hits you but does no damage.
You barely miss the slime creature.
The slime creature hits you but does no damage. x2
You slash the slime creature (10)!
The slime creature is heavily wounded. (32/57) HP The slime creature hits you (5).
You slash the slime creature (10)!
The slime creature is heavily wounded. (23/57) HP The slime creature hits you (6).
* * * LOW HITPOINT WARNING * * *
The slime creature blocks your attack. You block the slime creature's attack.
You hit the slime creature (5).
The slime creature is severely wounded. (20/57) HP The slime creature hits you but does no damage.
The slime creature hits you (14)!
You die...

≈..."..........##.#...###..######
..[..........#....#.#.[.......##
.†.###.......#....#.######.....##
#..# #####...........#####..#....
#..## #.##......#.........#...
#...######.###..........†.?..#...
#.......##.#####.##..#.......####
#.......##......≈###..#.####..###
#.......####...≈@.....#.####....#
#.......# #....J†...)........#.#
#.......# #.........##.......#.#
######### #.........##.......#.#
############.........#
###########


You could see a slime creature.

Vanquished Creatures
  A giant cockroach (D:1)
  A sewer rat (D:2)
  3 cinder newts (D:1)
  An ooze (D:1)
  2 dart slugs (D:1)
  11 bats (D:1)
  8 goblins (D:1)
  6 hobgoblins (D:1)
  A kobold (D:1)
  7 rats (D:1)
41 creatures vanquished.

Notes
Turn   | Place    | Note
-------+----------+-------------------------------------------
     0 | D:1      | Dorkslayer the Hill Orc Fighter began the quest for the
                  | Orb.
     0 | D:1      | Reached XP level 1. HP: 19/19 MP: 1/1
    57 | D:1      | Reached XP level 2. HP: 24/27 MP: 2/2
    99 | D:1      | Reached XP level 3. HP: 33/33 MP: 3/3
   492 | D:1      | Reached XP level 4. HP: 39/40 MP: 4/4
   567 | D:1      | Found a bloodstained altar of Trog.
   629 | D:2      | Noticed a slime creature
   645 | D:1      | Slain by a slime creature

Levels and vault maps discovered:
D:1:      dpeg_arrival_boxorama, layout_rooms, hex_tiny, kennysheep_flooded_box,
          minivault_14
D:2:      layout_sewer, chequers_temple_overflow_minitemple, old_standard_altar,
          sewer_frog_spiral, serial_shops, nicolae_shop_crystal, shop_statue,
          nicolae_shop_behind_doors, uniq_crazy_yiuf_cottage

Skill      XL: |  1  2  3  4 |
---------------+-------------+-----
Fighting       | 4 |  4.2
Axes & Hammers | 3 4 |  4.1
Armour         | 4 |  4.2
Shields        | |  3.7

Action                   |  1- 3 |  4- 6 || total
-------------------------+-------+-------++-------
Melee: War axe           |    48 |    18 ||    66
  Use: Scroll            |     1 |       ||     1
Armor: Scale mail        |    32 |    12 ||    44
Dodge: Dodged            |    11 |     3 ||    14
Block: Heater shield     |    13 |     8 ||    21
